 Dungeon Crawl Stone Soup version 0.31-a0-844-gdc52ec4e09 (webtiles) character file.

Game seed: 15849171181574305906

1544 CrazyBamboolord the Trooper (level 9, -2/72 HPs)
             Began as a Formicid Fighter on Sept 30, 2023.
             Was a Follower of Okawaru.
             Slain by a killer bee (7 damage)
             ... on level 6 of the Dungeon.
             The game lasted 00:11:27 (4771 turns).

CrazyBamboolord the Trooper (Formicid Fighter)      Turns: 4771, Time: 00:11:28

Health: -2/72      AC: 15    Str: 24 (25) XL:     9   Next: 11%
Magic:  9/9        EV:  6    Int:  7 (8)  God:    Okawaru [*.....]
Gold:   185        SH:  6    Dex: 16 (19) Spells: 8/8 levels left

rFire   . . .        b - +0 halberd
rCold   . . .        c - +0 buckler
rNeg    . . .        v - +0 plate armour
rPois   .            (helmet unavailable)
rElec   .            r - +0 cloak
rCorr   .            p - +0 pair of gloves
SInv    +            (no boots)
Will    .....        t - amulet of the acrobat Stlth
                     m - +6 ring of dexterity
HPRegen 0.32/turn    (no ring)
MPRegen 0.11/turn

%: acrobat
@: no status effects
A: permanent stasis, dig shafts and tunnels, antennae 3, four strong arms
a: Dig, Shaft Self, Renounce Religion, Heroism


You were on level 6 of the Dungeon.
You worshipped Okawaru.
Okawaru was aware of your devotion.
You visited 2 branches of the dungeon, and saw 7 of its levels.

You collected 185 gold pieces.

Inventory:

Hand Weapons
 a - a +0 trident
 b - a +0 halberd (weapon)
Missiles
 s - a throwing net
Armour
 c - a +0 buckler (worn)
 p - a +0 pair of gloves (worn)
 r - a +0 cloak (worn)
 v - a +0 plate armour (worn)
Jewellery
 m - a +6 ring of dexterity (left hand)
 t - an amulet of the acrobat (around neck)
Wands
 k - a wand of flame (27)
Scrolls
 e - a scroll of fear {unknown}
 f - a scroll of fog
 h - a scroll of amnesia {unknown}
 n - a scroll of torment {unknown}
 o - 3 scrolls of noise
 q - a scroll of vulnerability {unknown}
Potions
 d - 3 potions of might
 g - a potion of lignification
 j - 2 potions of attraction


   Skills:
 * Level 7.2 Fighting
 * Level 6.0 Polearms
 * Level 7.0 Armour
 + Level 6.7 Shields


You had 8 spell levels left.
You didn't know any spells.
Your spell library contained the following spells:

 Spells                   Type           Power      Damage    Failure   Level
 Poisonous Vapours        Pois/Air       0%         N/A       100%        2
 Gell's Gravitas          Tloc           0%         N/A       100%        3
 Mephitic Cloud           Conj/Pois/Air  0%         N/A       100%        3
 Teleport Other           Tloc           0%         N/A       100%        3
 Freezing Cloud           Conj/Ice/Air   0%         6-21      100%        5
 Dispersal                Tloc           0%         N/A       100%        6


Dungeon Overview and Level Annotations

Branches:
Dungeon (6/15)             Temple (1/1) D:6

Altars:
Ashenzari
Elyvilon
Fedhas
Gozag
Hepliaklqana
Kikubaaqudgha
Makhleb
Nemelex Xobeh
Okawaru
Qazlal
Sif Muna
Uskayaw
Wu Jian
Yredelemnul
Zin
The Shining One


Innate Abilities, Weirdness & Mutations

You cannot be hasted, slowed, berserked, paralysed or teleported.
You can dig through walls and to a lower floor.
You have a pair of large antennae on your head. (SInv)
Your four strong arms can wield two-handed weapons with a shield.


Message History

* * * LOW HITPOINT WARNING * * *
The killer bee stings you but does no damage. x2
You closely miss the killer bee.
The killer bee stings you but does no damage.
You block the killer bee's attack. x2
The killer bee stings you but does no damage.
The killer bee stings you.
* * * LOW HITPOINT WARNING * * *
Unknown command.
You miss the killer bee. The killer bee barely misses you.
The killer bee stings you but does no damage. x2
The killer bee barely misses you.
The killer bee stings you but does no damage.
Unknown command.
Reach: b) +0 halberd
Press: ? - help, Dir - move target, f - killer bee
Aim: a killer bee (about 66% to evade your +0 halberd)
Okay, then.
Okay, then.
It was a potion of enlightenment.
Your roots keep you in place.
You block the killer bee's attack. The killer bee stings you.
* * * LOW HITPOINT WARNING * * *
The killer bee stings you but does no damage.
The killer bee barely misses you.
Unknown command.
It was a potion of degeneration.
There was something very wrong with that liquid.
You feel weakened.
You feel dopey.
You feel clumsy.
You feel less wooden.
Your +0 cloak unmelds from your body.
Your +0 pair of gloves unmelds from your body.
Your +0 plate armour unmelds from your body.
The killer bee stings you but does no damage. x3
The killer bee barely misses you.
You miss the killer bee.
Your enlightenment fades.
You block the killer bee's attack. x2
The killer bee stings you but does no damage.
The killer bee barely misses you. The killer bee stings you!
You die...

.......#.#......#.....
.........##....##.....
.##......# ....##.....
........## .5.........
.#.##...# ,..........
# #....# .......##
#...## .....## # ##yy#
. # #@## # ### #


You could see 2 killer bees.

Vanquished Creatures
  Grinder (D:6)
  A water moccasin (D:5)
  An ice beast (D:6)
  2 black bears
  2 ogres
  A centaur (D:5)
  2 bullfrogs (D:5)
  4 killer bees (D:6)
  2 jellies
  An orc priest (D:5)
  3 iguanas
  A sleepcap (D:5)
  3 gnolls (D:5)
  10 adders
  A shadow imp (D:6)
  3 worms
  A dart slug (D:1)
  16 orcs
  9 endoplasms
  A giant cockroach (D:3)
  7 goblins
  2 hobgoblins (D:1)
  6 jackals
  3 quokkas
  4 ball pythons
  5 bats
  2 frilled lizards
  8 kobolds
  4 rats
106 creatures vanquished.

Notes
Turn   | Place    | Note
-------+----------+-------------------------------------------
     0 | D:1      | CrazyBamboolord the Formicid Fighter began the quest for
                  | the Orb.
     0 | D:1      | Reached XP level 1. HP: 18/18 MP: 1/1
    39 | D:1      | Reached XP level 2. HP: 19/24 MP: 2/2
   381 | D:1      | Reached XP level 3. HP: 29/29 MP: 3/3
   921 | D:2      | Reached XP level 4. HP: 36/37 MP: 4/4
  1827 | D:3      | Reached XP level 5. HP: 42/42 MP: 5/5
  1909 | D:3      | Found a faded altar of an unknown god.
  2299 | D:4      | Noticed an ogre
  2309 | D:4      | Killed an ogre
  2310 | D:4      | Reached XP level 6. HP: 27/49 MP: 6/6
  2992 | D:4      | Noticed a black bear
  3001 | D:4      | Killed a black bear
  3002 | D:4      | Reached skill level 5 in Fighting
  3002 | D:4      | Reached skill level 5 in Shields
  3118 | D:5      | Entered Level 5 of the Dungeon
  3248 | D:5      | Reached skill level 5 in Armour
  3248 | D:5      | Reached XP level 7. HP: 51/56 MP: 7/7
  3347 | D:5      | HP: 1/57 [iguana (8)]
  3592 | D:5      | Noticed a water moccasin
  3605 | D:5      | Killed a water moccasin
  3606 | D:5      | Reached XP level 8. HP: 32/64 MP: 8/8
  3619 | D:5      | Reached skill level 5 in Polearms
  3920 | D:5      | Found a large runed translucent door.
  3923 | D:5      | Found a large runed translucent door.
  3979 | D:5      | Found a hazy altar of Hepliaklqana.
  3984 | D:5      | Found an ancient bone altar of Kikubaaqudgha.
  4548 | D:6      | Found a staircase to the Ecumenical Temple.
  4569 | Temple   | Entered the Ecumenical Temple
  4588 | Temple   | Became a worshipper of Warmaster Okawaru
  4713 | D:6      | Noticed Grinder
  4754 | D:6      | Killed Grinder
  4754 | D:6      | Reached * piety under Okawaru
  4755 | D:6      | Reached XP level 9. HP: 33/72 MP: 9/9
  4771 | D:6      | Slain by a killer bee

Illustrated notes

Levels and vault maps discovered:
D:1:      denvon_arrival_planthouse, layout_loops_cross, minmay_distorted
D:2:      layout_basic, kennysheep_pointless_box
D:3:      layout_loops_cross, ebering_ecumenical_altar_rust,
          kennysheep_crisscross, serial_bayou_pond_d, grunt_ministairs_9
D:4:      black_bear_nest_1, layout_loops_ring
D:5:      layout_loops_ring, jmf_multi_god_temple2, nrook_mini_vaults
D:6:      layout_cave_pools, minmay_temple_entry_arrows, grunt_decor_arrowhead,
          uniq_grinder
Temple:   eino_temple_water

Skill      XL: |  1  2  3  4  5  6  7  8 |
---------------+-------------------------+-----
Fighting       | 4 5 6 7 |  7.2
Armour         | 4 5 7 |  7.0
Polearms       | 3 4 6 |  6.0
Shields        | 5 6 |  6.7

Action                     |  1- 3 |  4- 6 |  7- 9 || total
---------------------------+-------+-------+-------++-------
  Melee: Trident           |    96 |   166 |    98 ||   360
         Halberd           |       |       |    68 ||    68
Ability: Dig               |     6 |       |       ||     6
    Use: Scroll            |       |     2 |     2 ||     4
         Potion            |       |       |     4 ||     4
 Armour: Scale mail        |    49 |    99 |    69 ||   217
         Skin              |       |       |   117 ||   117
         Plate armour      |       |       |    30 ||    30
  Dodge: Dodged            |    41 |    57 |    82 ||   180
  Block: Buckler           |    15 |    39 |    85 ||   139

Table legend: (Time is in decaauts)
 A = Elapsed time spent in this place.
 B = Non-inter-level travel time spent in this place.
 C = Inter-level travel time spent in this place.
 D = Time resting spent in this place.
 E = Time spent auto-exploring this place.
 F = Levels seen in this place.
 G = Mean time per level.
                   A        B        C        D        E       F      G
               +--------+--------+--------+--------+--------+-----+--------+
         Total |   4846 |   4682 |    164 |    155 |   3473 |   7 |  692.3 |
       Dungeon |   4805 |   4654 |    151 |    155 |   3473 |   6 |  800.8 |
        Temple |     40 |     27 |     13 |      0 |      0 |   1 |   40.0 |
               +--------+--------+--------+--------+--------+-----+--------+

Top non-repeatable levels by time:
     D:5: 1261 daAuts
     D:4: 968 daAuts
     D:2: 778 daAuts
     D:3: 737 daAuts
     D:1: 681 daAuts
     D:6: 376 daAuts
  Temple: 40 daAuts
